Unix NetHack Version 5.0.0-0 post-release - last build May 17 2026 04:57:42 (dc50c8380fa5e20985bfe3072449f57b8d9895ef,branch:main).

Game began 2026-05-20 21:01:23, ended 2026-05-20 21:52:27.

Eymerich, chaotic male elven Priest

         ---------                                   --------------
         |.....:..#############-----------           |............|
         |.......|            #|.........|     ###   |............|
         |.......-            #|.........|       ####.............|
         |>......|            #|.........|           |............|
         |.......|  ##        #|...---....##         |............|
         ---.-----   ######## #|...| |...| #         --------.---.-
            #               # #|...---...| ####              #   ######
            #               ###|.........|    #              #        ##
            #                 #-.........|    #           ####         #
            #                 #|.........|    #           #            #
            ##                 -----------    #      ######            #
             #                                #####  #          -------|--
        -----|-                                 ####-.---       |....{...|
        |o...(|                              #### ##-...|       |........|
        |.{).))o@f#d##########################     #|...|       |....<...|
        -------                                    #-----       ----------

Eymerich the Acolyte         St:11 Dx:11 Co:13 In:10 Wi:20 Ch:12  Chaotic
Dlvl:5  $:195 HP:0(36) Pw:69(69) AC:5  Xp:5 T:3240  Hungry  

Latest messages:
 The crude dagger misses the hill orc.
 You are beginning to feel hungry.
 You see here a cursed crude dagger.
 S - a cursed crude dagger (at the ready).
 What do you want to throw? [$nDEHNOS or ?*]
 In what direction?
 The crude dagger hits the hill orc.
 The hill orc picks up a cursed crude dagger.
 What do you want to throw? [$nDEHNO or ?*]
 In what direction?
 The crude dagger hits the hill orc.
 What do you want to throw? [$nDEHO or ?*]
 In what direction?
 The elven dagger hits the hill orc.
 What do you want to throw? [$nDEH or ?*]
 In what direction?
 The dart misses the hill orc.
 The hill orc throws a crude dagger!
 The crude dagger slips as the hill orc throws it!
 What do you want to ready? [$nDE or ?*]
 E - 10 poisoned darts (at the ready).
 In what direction?
 The poisoned dart hits the hill orc.
 The poison doesn't seem to affect the hill orc.
 What do you want to ready? [- $nDE or ?*]
 D - 22 darts (at the ready).
 In what direction?
 The dart hits the hill orc.
 The hill orc wields a curved sword!
 In what direction?
 The dart hits the hill orc.
 You kill the hill orc!
 The hill orc picks up a blessed dart.
 In what direction?
 The dart misses the hill orc.
 The hill orc throws a crude dagger!
 You are hit by a crude dagger.
 In what direction?
 The dart misses the hill orc.
 The hill orc picks up a curved sword.
 You hit the hill orc.
 The hill orc wields a curved sword!
 You hit the hill orc!
 The hill orc swings her curved sword.
 The hill orc hits!
 You stop.  Puffa is in the way!
 The hill orc swings her curved sword.
 The hill orc hits!
 You die...
 Do you want your possessions identified? [ynq] (y)

Inventory:
 Coins    ('$')
  $ - 195 gold pieces
 Weapons  (')')
  n - 22 blessed +1 darts
  D - 18 +0 darts (at the ready)
  E - 9 poisoned +0 darts
  a - a blessed +1 mace (weapon in right hand)
 Armor    ('[')
  M - a blessed +2 orcish helm (being worn)
  b - a +0 robe (being worn)
 Comestibles  ('%')
  k - a banana
  e - a clove of garlic
  r - a cream pie
  f - 2 sprigs of wolfsbane
  w - a lichen corpse
 Scrolls  ('?')
  J - a scroll of food detection
  m - a scroll of light
  P - a scroll of remove curse
 Spellbooks  ('+')
  g - a spellbook of detect monsters
  K - a spellbook of force bolt
  h - a spellbook of light
 Potions  ('!')
  u - a potion of blindness
  R - a potion of object detection
  t - a potion of restore ability
  d - 4 potions of holy water
  I - a potion of water
 Tools    ('(')
  i - a bugle
  B - a cursed expensive camera (0:90)

Eymerich the Priest's attributes:

Background:
 You were an Acolyte, a level 5 elven Priest.
 You were chaotic, on a mission for Mars
 who was opposed by Mercury (lawful) and Venus (neutral).
 You were right-handed.
 You were in the Dungeons of Doom, on level 5.
 You entered the dungeon 3240 turns ago.
 You had 233 experience points, 87 more were needed to attain level 6.

Basics:
 You had 0 out of 36 hit points.
 You had all 69 energy points (spell power).
 Your armor class was 5.
 Your wallet contained 195 zorkmids.
 Autopickup was off.

Final Characteristics:
 Your strength was 11 (limit:18).
 Your dexterity was 11 (limit:18).
 Your constitution was 13 (limit:16).
 Your intelligence was 10 (limit:20).
 Your wisdom was 20 (limit:20).
 Your charisma was 12 (limit:18).

Final Status:
 You were hungry.
 You were unencumbered.
 You were wielding a mace.
 You had basic skill with mace and could have enhanced that.

Final Attributes:
 You were piously aligned.
 You were sleep resistant.
 You were telepathic.
 You had infravision.
 You were guarded.
 Your spell casting was enhanced by wearing a robe.
 You are dead.

Miscellaneous:
 You didn't encounter any bones levels.
 Total elapsed playing time was 51 minutes and 1 second.

Major events:
 Turn
    1: Eymerich the chaotic elven Priest entered the dungeon
 1237: attained the rank of Acolyte (level 3)
 3240: killed by a hill orc

Spells:
 Name                 Level Category     Fail Retention
 detect monsters        1   divination     0%  76%-100%
 light                  1   clerical       0%   81%-90%

Skills:
 Fighting Skills
   bare handed combat [Unskilled]
 Weapon Skills
   club               [Unskilled]
   mace               [Basic]
   morning star       [Unskilled]
   flail              [Unskilled]
   hammer             [Unskilled]
   quarterstaff       [Unskilled]
   polearms           [Unskilled]
   spear              [Unskilled]
   trident            [Unskilled]
   lance              [Unskilled]
   bow                [Unskilled]
   sling              [Unskilled]
   crossbow           [Unskilled]
   dart               [Unskilled]
   shuriken           [Unskilled]
   boomerang          [Unskilled]
   unicorn horn       [Unskilled]
 Spellcasting Skills
   healing spells     [Unskilled]
   divination spells  [Unskilled]
   clerical spells    [Basic]

Voluntary challenges:
 Character rerolling was not enabled.
 You never genocided any monsters.
 You never polymorphed an object.
 You never changed form.
 You used no wishes.
Achievement:
 You attained the rank of Acolyte.

 The Dungeons of Doom: levels 1 to 5
    Level 1: "iron bars"
       A grave.
    Level 2: "vault, locked box"
       A grave.
    Level 3:
       An altar, some fountains.
    Level 4: "vault"
       A fountain.
    Level 5: <- You were here.
       A fountain, a sink.
       Final resting place for
          you, killed by a hill orc.


Vanquished creatures:
  2 leprechauns
  a water nymph
  a rock piercer
  a violet fungus
  a giant ant
  a floating eye
  a kitten
  a homunculus
  2 hill orcs
 an orc zombie
 an iguana
 an acid blob
  a gas spore
  a hobbit
  5 manes
  a large kobold
  a hobgoblin
  a brown mold
  a yellow mold
  a gnome zombie
  2 geckos
 12 jackals
  a fox
  a kobold
  2 goblins
  2 grid bugs
  4 lichens
  4 newts
54 creatures vanquished.

No species were genocided or became extinct.

Game over:
                       ----------
                      /          \
                     /    REST    \
                    /      IN      \
                   /     PEACE      \
                  /                  \
                  |     Eymerich     |
                  |      195 Au      |
                  | killed by a hill |
                  |       orc        |
                  |                  |
                  |                  |
                  |       2026       |
                 *|     *  *  *      | *
        _________)/\\_//(\/(/\)/\//\/|_)_______

Goodbye Eymerich the Priest...

You died in The Dungeons of Doom on dungeon level 5 with 1318 points,
and 195 pieces of gold, after 3240 moves.
You were level 5 with a maximum of 36 hit points when you died.

